 Dungeon Crawl Stone Soup version 0.25.1-1-g288607f5aa (webtiles) character file.

Game seed: 6762989018761019034

315 H0rd4k the Insei (level 6, 0/38 HPs)
             Began as an Octopode Transmuter on July 22, 2020.
             Slain by an adder (2 damage)
             ... on level 4 of the Dungeon.
             The game lasted 00:06:35 (3619 turns).

H0rd4k the Insei (Octopode Transmuter)              Turns: 3619, Time: 00:06:35

Health: 0/38       AC:  1    Str: 10    XL:     6   Next: 44%
Magic:  11/11      EV: 13    Int: 17    God:
Gold:   102        SH:  0    Dex: 12    Spells: 6/12 levels left

rFire    + . .     SeeInvis .     - Unarmed
rCold    + . .     Gourm    .   (no shield)
rNeg     . . .     Faith    .   (helmet restricted)
rPois    +         Spirit   .   m - amulet of magic regeneration
rElec    +         Reflect  .   (no ring)
rCorr    +         Harm     .   (no ring)
MR       .....                  (no ring)
Stlth    +++.......             (no ring)
HPRegen  0.12/turn              (no ring)
MPRegen  0.37/turn              (no ring)
                                (no ring)
                                (no ring)

@: lethally poisoned (0 -> -3), resistant
A: almost no armour, stealthy swim, amphibious, 8 rings, constrict 8, camouflage
1, gelatinous body 1
a: no special abilities


You were on level 4 of the Dungeon.
You were hungry.

You visited 1 branch of the dungeon, and saw 4 of its levels.

You collected 102 gold pieces.

Inventory:

Missiles
 a - 46 arrows
 h - 26 poisoned darts (quivered)
Jewellery
 m - an amulet of magic regeneration (around mantle)
Scrolls
 b - 3 scrolls of immolation {unknown}
 d - 3 scrolls of remove curse
 e - 3 scrolls of identify {unknown}
 g - a scroll of noise {unknown}
 i - 2 scrolls of teleportation {unknown}
 n - 2 scrolls of fog {unknown}
 p - a scroll of random uselessness {unknown}
 r - a scroll of fear {unknown}
 u - a scroll of amnesia {unknown}
 x - a scroll of blinking {unknown}
Potions
 f - a potion of berserk rage {unknown}
 j - a potion of magic {unknown}
 k - a potion of brilliance {unknown}
 l - a potion of resistance
 o - 2 potions of mutation {unknown}
 q - 2 potions of curing {unknown}
 s - 2 potions of degeneration {unknown}
 t - 2 potions of haste {unknown}
 v - a potion of heal wounds {unknown}
Comestibles
 c - 6 rations


   Skills:
 + Level 1.1 Fighting
 + Level 0.4 Throwing
 + Level 2.3 Dodging
 + Level 2.5 Stealth
 + Level 5.0 Unarmed Combat
 * Level 3.5 Spellcasting
 * Level 3.0 Transmutations


You had 6 spell levels left.
You knew the following spells:

 Your Spells              Type           Power        Failure   Level  Hunger
a - Beastly Appendage     Tmut           ##....       4%          1    None
b - Sticks to Snakes      Tmut           ##......     7%          2    ##.....
c - Spider Form           Tmut/Pois      #.........   26%         3    ###....

Your spell library contained the following spells:

 Spells                   Type           Power        Failure   Level  Hunger
 Ice Form                 Ice/Tmut       #.......     65%         4    ####...
 Blade Hands              Tmut           ##........   78%         5    ######.


Dungeon Overview and Level Annotations

Branches:
Dungeon (4/15)             Temple (0/1) D:4

Altars:

Annotations:
D:2 exclusion: 2 downstairs
D:3 exclusions: centaur and 2 downstairs
D:4 Dowan, Duvessa


Innate Abilities, Weirdness & Mutations

You cannot wear most types of armour.
You are very stealthy in the water. (Stealth+)
You are amphibious.
You can wear up to eight rings at the same time.
You can use your tentacles to constrict eight enemies at once.
Your skin changes colour to match your surroundings (Stealth+).
Your rubbery body absorbs attacks. (AC +1, EV +1)


Message History

The leopard gecko bites you.
* * * LOW HITPOINT WARNING * * *
You feel sick.
The adder hisses angrily.
The adder bites you.
* * * LOW HITPOINT WARNING * * *
The leopard gecko closely misses you.
Found a scroll labeled ACAUGO DYTOV.
Found a stone staircase leading down.
Found a ration.
You feel sick.
You are no longer poisoned.
The adder bites you.
* * * LOW HITPOINT WARNING * * *
You are lethally poisoned!
The adder poisons you!
It was a potion of resistance.
You feel protected.
* * * LOW HITPOINT WARNING * * *
You feel sick. The adder bites you.
You die...

##.......... ##
#...........
..##.......?...
............#
#........>.#.
#............. #
#............. .
.....#.%..@........ .
.....$..###S#.......
......$.....l##......
.$............#......
.##............w#.....#
.................#...###
##..............†.#.....#
...........⌠....††.......
....?.###......##...#...#


You could see a worm, an adder and a leopard gecko.

Vanquished Creatures
  An ogre (D:4)
  Jessica (D:2)
  A worker ant (D:2)
  4 gnolls
  4 adders
  An ooze (D:1)
  3 dart slugs
  4 leopard geckos
  9 orcs
  4 giant cockroaches
  6 goblins
  9 hobgoblins
  7 jackals
  A quokka (D:3)
  3 ball pythons
  11 bats
  6 frilled lizards
  6 kobolds
  A rat (D:2)
82 creatures vanquished.

Notes
Turn   | Place    | Note
-------+----------+-------------------------------------------
     0 | D:1      | H0rd4k the Octopode Transmuter began the quest for the Orb.
     0 | D:1      | Reached XP level 1. HP: 13/13 MP: 3/3
   575 | D:1      | Reached XP level 2. HP: 17/18 MP: 3/5
   603 | D:1      | Reached skill level 1 in Stealth
   872 | D:1      | Reached XP level 3. HP: 23/23 MP: 4/6
  1467 | D:2      | Learned a level 2 spell: Sticks to Snakes
  1471 | D:2      | Learned a level 3 spell: Spider Form
  1571 | D:2      | Reached skill level 4 in Unarmed Combat
  1704 | D:2      | Found a faded altar of an unknown god.
  1820 | D:2      | Reached XP level 4. HP: 28/28 MP: 5/8
  1877 | D:2      | Noticed Jessica
  1899 | D:2      | Killed Jessica
  2104 | D:2      | Reached XP level 5. HP: 24/33 MP: 7/9
  3080 | D:3      | Noticed a centaur
  3501 | D:4      | Noticed an ogre
  3501 | D:4      | Noticed a hippogriff
  3510 | D:4      | Noticed Dowan
  3545 | D:4      | Noticed Duvessa
  3547 | D:4      | Noticed an ogre
  3568 | D:4      | Found a staircase to the Ecumenical Temple.
  3585 | D:4      | Killed an ogre
  3585 | D:4      | Reached skill level 5 in Unarmed Combat
  3585 | D:4      | Reached XP level 6. HP: 35/38 MP: 9/11
  3619 | D:4      | Slain by an adder

Illustrated notes

Levels and vault maps discovered:
D:1:      dpeg_cavernosity, layout_rooms, chequers_big_river
D:2:      layout_basic, chequers_ecumenical_altar_simple, uniq_jessica
D:3:      layout_rooms
D:4:      cheibrodos_pilgrimage, layout_cave_pools, temple_fountains,
          first_ration, uniq_duvessa

Skill      XL: |  1  2  3  4  5 |
---------------+----------------+-----
Stealth        | 1 2 |  2.5
Unarmed Combat | 4 5 |  5.0
Spellcasting   | 3 |  3.5
Transmutations | 3 |  3.0
Fighting       | |  1.1
Throwing       | |  0.4
Dodging        | |  2.3

Action                   |  1- 3 |  4- 6 || total
-------------------------+-------+-------++-------
Melee: Unarmed           |    73 |   106 ||   179
       Constrict         |    22 |    28 ||    50
       Kick              |    12 |    11 ||    23
       Tentacles         |    13 |    14 ||    27
       Punch             |       |     3 ||     3
Throw: Dart              |     4 |    10 ||    14
 Cast: Beastly Appendage |    16 |    13 ||    29
       Spider Form       |       |     1 ||     1
  Use: Scroll            |       |     1 ||     1
       Potion            |       |     1 ||     1
 Stab: Sleeping          |     5 |     5 ||    10
  Eat: Chunk             |     3 |     5 ||     8
Armor: Skin              |     8 |     8 ||    16
Dodge: Dodged            |    50 |    82 ||   132
